 Dungeon Crawl Stone Soup version 0.26.0-45-g9c1d065592 (webtiles) character file.

Game seed: 4296032665732253200

1579 zcampers the Chopper (level 8, -3/73 HPs)
             Began as a Minotaur Berserker on Jan 29, 2021.
             Was a Believer of Trog.
             Slain by an orc warrior
             ... wielding a +0 trident
              (14 damage)
             ... on level 6 of the Dungeon.
             The game lasted 00:08:44 (7016 turns).

zcampers the Chopper (Minotaur Berserker)           Turns: 7016, Time: 00:08:44

Health: -3/73      AC: 13    Str: 23    XL:     8   Next: 60%
Magic:  7/7        EV: 13    Int:  6    God:    Trog [**....]
Gold:   230        SH:  4    Dex: 11    Spells: 7/7 levels left

rFire    + . .     SeeInvis .   a - +1 hand axe (protect)
rCold    . . .     Faith    .   f - +0 buckler
rNeg     . . .     Spirit   .   i - +0 ring mail
rPois    +         Reflect  .   (helmet restricted)
rElec    .         Harm     .   (no cloak)
rCorr    .         Rampage  .   (no gloves)
Will     +++..                  (no boots)
Stlth    +.........             (no amulet)
HPRegen  1.22/turn              (no ring)
MPRegen  0.10/turn              t - ring of protection from fire

@: protection aura, berserk cooldown, regenerating
A: retaliatory headbutt, horns 2, strong-willed 1, poison resistance, strong 1
a: Renounce Religion, Berserk, Trog's Hand


You were on level 6 of the Dungeon.
You worshipped Trog.
Trog was pleased with you.
You visited 1 branch of the dungeon, and saw 6 of its levels.
You also visited: Ossuary.

You collected 387 gold pieces.
You spent 157 gold pieces at shops.

Inventory:

Hand Weapons
 a - a +1 hand axe of protection (weapon)
Armour
 f - a +0 buckler (worn)
 i - a +0 ring mail (worn)
Jewellery
 t - a ring of protection from fire (right hand)
Wands
 b - a wand of digging (3)
 k - a wand of acid (13)
 n - a wand of polymorph (11)
Scrolls
 d - 5 scrolls of remove curse
 g - a scroll of enchant armour
 h - 4 scrolls of enchant weapon
 o - 3 scrolls of fear
 s - 3 scrolls of identify
Potions
 c - 2 potions of cancellation
 e - a potion of heal wounds
 j - 2 potions of brilliance
 l - a potion of haste


   Skills:
 + Level 7.2 Fighting
 + Level 7.3 Axes
 + Level 6.7 Armour
 + Level 6.2 Dodging
 + Level 2.6 Shields


You had 7 spell levels left.
You didn't know any spells.
Your spell library was empty.

Dungeon Overview and Level Annotations

Branches:
Dungeon (6/15)            Ossuary (visited)
 Temple: D:4-7

Altars:
Ashenzari
Dithmenos
Okawaru
Wu Jian

Shops:
D:4 [*?}*


Innate Abilities, Weirdness & Mutations

You reflexively headbutt those who attack you in melee.
You have a pair of horns on your head.
You are strong-willed. (Will+)
Your system is resistant to poisons. (rPois)
Your muscles are strong. (Str +2)


Message History

Something hits you.
The orc warrior hits you with a +0 trident.
You hit something. You hit the ogre.
You hit the orc warrior but do no damage.
You hear some strange, mumbled words.
A puff of flame appears from out of thin air!
The puff of flame hits you but does no damage.
You resist. The ogre hits you with a +0 giant club!
* * * LOW HITPOINT WARNING * * *
The orc warrior misses you. You furiously retaliate!
You headbutt the orc warrior, but do no damage.
You hear some strange, mumbled words.
A puff of frost appears from out of thin air!
The puff of frost hits you.
* * * LOW HITPOINT WARNING * * *
You miss something. Your headbutt misses something.
You hit the ogre but do no damage. You slash the orc warrior!
Something hits you but does no damage.
The orc warrior hits you with a +0 trident!
You die...

... ...# ...... .....###..
... ......##......##... ..#
.................... .
...............##..... #
##......................####
#................ ..#.....#
#.. ....#)o..## ##..##....#
##.. ..##.@)..##...#####...
#...##.#.{.O........##.#...
###.........................
#......)...##.....#.....#...
.........####....##.(....[..
#.....#..##.#.#.##..##...(#.
##...##........## #.###...#.
#### #........# ##........#
##.###..##....#.###.##


You could see an orc warrior and an ogre.

Vanquished Creatures
  Grinder (D:3)
  Sigmund (D:4)
  A wraith (Ossuary)
  An ice beast (D:6)
  A sky beast (D:6)
  2 centaurs (D:5)
  An ogre (D:6)
  A bullfrog (D:6)
  2 centaur zombies (D:5)
  A hound (D:4)
  A bullfrog skeleton (D:4)
  Crazy Yiuf (D:4)
  An iguana (D:6)
  3 orc wizards (D:6)
  A centaur skeleton (D:5)
  A worker ant (D:5)
  A killer bee zombie (D:6)
  A hound zombie (D:6)
  3 mummies (Ossuary)
  Robin (D:2)
  5 adders
  2 ufetubi
  An ooze (D:1)
  2 adder skeletons (D:5)
  An adder zombie (D:5)
  A worm (D:4)
  2 dart slugs (D:1)
  2 leopard geckos
  10 orcs
  8 bats
  2 giant cockroaches
  A gnoll zombie (Ossuary)
  20 goblins
  8 hobgoblins
  8 jackals
  3 quokkas
  8 frilled lizards
  A giant cockroach zombie (D:5)
  3 goblin zombies (Ossuary)
  A jackal zombie (D:5)
  5 kobolds
  4 kobold zombies (Ossuary)
  9 rats
  2 rat zombies (D:6)
135 creatures vanquished.

Notes
Turn   | Place    | Note
-------+----------+-------------------------------------------
     0 | D:1      | zcampers the Minotaur Berserker began the quest for the
                  | Orb.
     0 | D:1      | Reached XP level 1. HP: 19/19 MP: 0/0
   344 | D:1      | Reached XP level 2. HP: 25/27 MP: 1/1
  1248 | D:2      | Reached XP level 3. HP: 26/33 MP: 2/2
  1747 | D:2      | Reached ** piety under Trog
  1868 | D:2      | Reached XP level 4. HP: 38/40 MP: 3/3
  1879 | D:2      | Noticed Robin
  1911 | D:2      | Killed Robin
  2551 | D:3      | Noticed Grinder
  2556 | D:3      | Paralysed by Grinder for 6 turns
  2566 | D:3      | Killed Grinder
  2567 | D:3      | Reached skill level 5 in Fighting
  2567 | D:3      | Reached skill level 5 in Axes
  2567 | D:3      | Reached XP level 5. HP: 14/48 MP: 4/4
  2567 | D:3      | Reached XP level 6. HP: 16/56 MP: 5/5
  3155 | D:3      | Found a shadowy altar of Dithmenos.
  3344 | D:4      | Found Luunk's General Store.
  3356 | D:4      | Bought a scroll of identify for 24 gold pieces
  3361 | D:4      | Found Nissixti's Magic Scroll Boutique.
  3362 | D:4      | Found Wickyil's Gadget Shoppe.
  3381 | D:4      | Found Fefoubu's Assorted Antiques.
  3387 | D:4      | Bought a scroll of enchant armour for 97 gold pieces
  3418 | D:4      | Bought a sapphire potion for 18 gold pieces
  3418 | D:4      | Bought a metallic dark potion for 18 gold pieces
  3421 | D:4      | Gained mutation: You are strong-willed. (Will+) [potion of
                  | mutation]
  3421 | D:4      | Gained mutation: Your muscles are strong. (Str +2) [potion
                  | of mutation]
  3421 | D:4      | Gained mutation: Your system is resistant to poisons.
                  | (rPois) [potion of mutation]
  3472 | D:4      | Noticed Sigmund
  3495 | D:4      | Killed Sigmund
  3581 | D:4      | Reached skill level 5 in Armour
  3581 | D:4      | Reached XP level 7. HP: 62/62 MP: 6/6
  3694 | D:4      | Found Aterhosu's Armour Emporium.
  4106 | D:4      | Found an ornate altar of the Wu Jian Council.
  4269 | D:4      | Found a runed translucent door.
  4270 | D:4      | Noticed Crazy Yiuf
  4521 | D:4      | HP: 3/61 [Crazy Yiuf/+3 quarterstaff of chaos (4)]
  4528 | D:4      | Killed Crazy Yiuf
  4773 | D:5      | Entered Level 5 of the Dungeon
  4850 | D:5      | Reached skill level 5 in Dodging
  5162 | D:5      | Found a broken altar of Ashenzari.
  5954 | D:6      | Found an iron altar of Okawaru.
  6016 | D:6      | Reached XP level 8. HP: 11/71 MP: 7/7
  6100 | D:6      | Found a sand-covered staircase.
  6108 | Ossuary  | Entered an ossuary
  6289 | Ossuary  | Reached *** piety under Trog
  6383 | Ossuary  | Reached skill level 1 in Shields
  7016 | D:6      | Slain by an orc warrior

Illustrated notes

Levels and vault maps discovered:
D:1:      scummos_arrival_checkerplants, layout_loops_corners, nrook_mini_vaults
D:2:      layout_loops_ring, kennysheep_generic_room_12, uniq_robin
D:3:      layout_loops_ring, marbit_many_paths, uniq_grinder
D:4:      layout_cave_pods, kennysheep_little_box, serial_shops, shop, shop,
          nicolae_shop_trees, nicolae_shop_crystal, shop,
          uniq_crazy_yiuf_cottage, uniq_sigmund
D:5:      layout_layer_cave, nicolae_overflow_hidden_temple
D:6:      layout_cave_pools, kennysheep_mini_moat, enter_ossuary_4,
          minmay_misc_feat_room, minmay_misc_feat_columns, dk_vineyard_2

Skill      XL: |  1  2  3  4  5  6  7  8 |
---------------+-------------------------+-----
Axes           | 4 5 6 7 |  7.3
Fighting       | 4 5 6 7 |  7.2
Armour         | 3 4 5 6 |  6.7
Dodging        | 3 4 5 6 |  6.2
Shields        | 2 |  2.6

Action                   |  1- 3 |  4- 6 |  7- 9 || total
-------------------------+-------+-------+-------++-------
Melee: Hand axe          |    66 |   107 |   180 ||   353
       Headbutt          |    11 |    15 |    43 ||    69
Invok: Berserk           |     1 |     3 |     3 ||     7
       Trog's Hand       |       |     4 |     7 ||    11
  Use: Scroll            |       |     7 |     5 ||    12
       Potion            |       |     7 |     6 ||    13
 Stab: Invisible         |       |       |     1 ||     1
Armor: Animal skin       |    17 |       |       ||    17
       Ring mail         |     1 |    45 |    64 ||   110
Dodge: Dodged            |    43 |    77 |   140 ||   260
Block: Buckler           |       |       |    22 ||    22
